 Dungeon Crawl Stone Soup version 0.20.1-1-g8b1a95d (webtiles) character file.

136 Knicklaso the Ruffian (level 4, 0/35 HPs)
             Began as a Draconian Transmuter on July 30, 2017.
             Slain by an orc
             ... wielding a +0 short sword
              (2 damage)
             ... on level 3 of the Dungeon.
             The game lasted 00:05:23 (1748 turns).

Knicklaso the Ruffian (Draconian Transmuter)        Turns: 1748, Time: 00:05:24

Health: 0/35       AC:  5    Str: 14    XL:     4   Next: 98%
Magic:  8/8        EV: 12    Int: 13    God:
Gold:   69         SH:  0    Dex: 11    Spells: 7/8 levels left

rFire    . . .     SeeInvis .     - Unarmed
rCold    . . .     Gourm    .   (no shield)
rNeg     . . .     Faith    .   (armour unavailable)
rPois    .         Spirit   .   (helmet restricted)
rElec    .         Reflect  .   (no cloak)
rCorr    .         Harm     .   (no gloves)
MR       .....                  (no boots)
Stlth    +.........             (no amulet)
Regen    0.2/turn               (no ring)
MPRegen  0.2/turn               (no ring)

@: no status effects
A: unfitting armour, cold-blooded, AC +5
a: no special abilities


You were on level 3 of the Dungeon.
You were not hungry.

You visited 1 branch of the dungeon, and saw 3 of its levels.

You collected 69 gold pieces.

Inventory:

Missiles
 a - 42 arrows
Jewellery
 e - an uncursed ring of protection from magic {unknown}
Scrolls
 d - 4 scrolls of teleportation {unknown}
 g - a scroll of enchant weapon {unknown}
 i - 3 scrolls of blinking {unknown}
 j - 2 scrolls of random uselessness {unknown}
Potions
 h - a potion of resistance {unknown}
 k - a potion of heal wounds {unknown}
Books
 b - a book of Changes

   Spells                             Type                      Level
   a - Beastly Appendage              Transmutation                1
   b - Sticks to Snakes               Transmutation                2
   c - Spider Form                    Transmutation/Poison         3
   d - Ice Form                       Ice/Transmutation            4
   e - Blade Hands                    Transmutation                5
Comestibles
 c - 2 bread rations
 f - 2 chunks of flesh


   Skills:
 - Level 1.1 Fighting
 - Level 1.7 Dodging
 * Level 4.4 Unarmed Combat
 + Level 2.8 Spellcasting
 + Level 3.2 Transmutations


You had 7 spell levels left.
You knew the following spells:

 Your Spells              Type           Power        Failure   Level  Hunger
a - Beastly Appendage     Tmut           ##....       6%          1    #......


Dungeon Overview and Level Annotations

Branches:
Dungeon (3/15)

Altars:
The Shining One


Innate Abilities, Weirdness & Mutations

Your plain brown scales are hard. (AC +5)
You cannot fit into any form of body armour.
You are cold-blooded and may be slowed by cold attacks.


Message History

The orc hits you.
* * * LOW HITPOINT WARNING * * *
Items here: ( ) [ † a mace; a scale mail; a stone; an orc corpse You hit the orc.
Your headbutt misses the orc.
Your tail-slap misses the orc.
The orc is severely wounded.
Your horns disappear.
The orc hits you with a short sword.
* * * LOW HITPOINT WARNING * * *
You hit the orc.
You kill the orc!
The orc hits you but does no damage.
You barely miss the orc. The orc hits you but does no damage.
You barely miss the orc. The orc hits you with a short sword.
* * * LOW HITPOINT WARNING * * *
The hobgoblin shouts!
You hit the orc.
Your tail-slap misses the orc.
The orc is lightly wounded.
The orc hits you with a short sword.
You die...

..o.....+ #.#
#..... ........#
#.######.....
........#
#.........###
........#
#.........#
........#
#.........#
.....g..+
#.........#
........##
##'#####+##
.......o.# #.#
...#####@#####.#
#.([......#
#.#.#######
#.#.# #.#.#
#.#.# #.#.#
..#.# ###.#


You could see an orc and a hobgoblin.

Vanquished Creatures
  An orc wizard (D:3)
  7 adders
  A dart slug (D:1)
  7 orcs
  2 bats (D:2)
  2 giant cockroaches (D:2)
  3 hobgoblins
  8 goblins
  8 kobolds
  5 rats
44 creatures vanquished.

Notes
Turn   | Place    | Note
-------+----------+-------------------------------------------
     0 | D:1      | Knicklaso the Draconian Transmuter began the quest for the Orb.
     0 | D:1      | Reached XP level 1. HP: 16/16 MP: 3/3
   346 | D:1      | Reached XP level 2. HP: 21/23 MP: 3/5
   510 | D:2      | Found a glowing golden altar of the Shining One.
   679 | D:2      | Reached XP level 3. HP: 24/28 MP: 4/6
   843 | D:2      | Reached skill level 4 in Unarmed Combat
  1087 | D:2      | Reached XP level 4. HP: 27/35 MP: 7/7
  1748 | D:3      | Slain by an orc

Skill      XL: |  1  2  3  4 |
---------------+-------------+-----
Unarmed Combat | 4 |  4.4
Transmutations | 3 |  3.2
Fighting       | |  1.1
Dodging        | |  1.7
Spellcasting   | |  2.8

Action                   |  1- 3 |  4- 6 || total
-------------------------+-------+-------++-------
Melee: Unarmed           |    87 |    67 ||   154
       Kick              |     5 |     1 ||     6
       Tailslap          |     6 |     8 ||    14
       Headbutt          |     4 |     5 ||     9
       Punch             |       |     1 ||     1
 Cast: Beastly Appendage |    18 |    10 ||    28
  Use: Potion            |     1 |       ||     1
  Eat: Chunk             |     1 |     2 ||     3
Armor: Skin              |    25 |    19 ||    44
Dodge: Dodged            |    55 |    42 ||    97
